 Dungeon Crawl Stone Soup version 0.31-a0-325-g067879e3d3 (webtiles) character file.

Game seed: 16484450944220159373

9945 Dittersdorf the Blocker (level 11, -8/73 HPs)
             Began as a Gargoyle Fighter on July 18, 2023.
             Was a High Priest of Okawaru.
             Mangled by a death yak (11 damage)
             ... on level 10 of the Dungeon.
             The game lasted 00:16:56 (11262 turns).

Dittersdorf the Blocker (Gargoyle Fighter)         Turns: 11262, Time: 00:16:57

Health: -8/73      AC: 24    Str: 24    XL:     11   Next: 54%
Magic:  11/11      EV: 10    Int:  9    God:    Okawaru [*****.]
Gold:   486        SH:  7    Dex:  9    Spells: 10/10 levels left

rFire   + . .        C - +5 flail (freeze)
rCold   . . .        c - +1 buckler
rNeg    + . .        F - +1 scale mail {rF+}
rPois   ∞            o - +1 helmet
rElec   +            y - +0 cloak
rCorr   .            B - +1 pair of gloves
SInv    .            (no boots)
Will    .....        w - amulet of magic regeneration Stlth
                     h - ring of wizardry
HPRegen 0.32/turn    k - ring of flight
MPRegen 0.52/turn

%: wizardry (x1)
@: flying
A: sickness immunity, AC +8, negative energy resistance 1, electricity
resistance, torment resistance 1, petrification resistance
a: Renounce Religion, Heroism, Finesse, Duel


You were on level 10 of the Dungeon.
You worshipped Okawaru.
Okawaru was extremely pleased with you.
You visited 3 branches of the dungeon, and saw 12 of its levels.
You also visited: Sewer and Ossuary.

You collected 486 gold pieces.

Inventory:

Hand Weapons
 j - a +1 morningstar
 C - a +5 flail of freezing (weapon)
Missiles
 D - 2 throwing nets
Armour
 c - a +1 buckler (worn)
 o - a +1 helmet (worn)
 y - a +0 cloak (worn)
 B - a +1 pair of gloves (worn)
 F - a +1 scale mail of fire resistance (worn)
Jewellery
 h - a ring of wizardry (left hand)
 k - a ring of flight (right hand)
 w - an amulet of magic regeneration (around neck)
 z - a ring of ice
Wands
 m - a wand of digging (7)
 q - a wand of flame (30)
Scrolls
 b - 3 scrolls of teleportation
 e - a scroll of fog
 f - 3 scrolls of enchant weapon
 n - a scroll of enchant armour
 r - 6 scrolls of blinking
 v - 2 scrolls of revelation
 A - a scroll of silence
 E - 2 scrolls of poison
Potions
 a - a potion of haste
 d - 2 potions of might
 g - a potion of berserk rage
 i - a potion of resistance
 l - a potion of cancellation
 p - 8 potions of curing
 s - 2 potions of brilliance
 t - 2 potions of enlightenment
 u - 3 potions of heal wounds
 x - a potion of magic


   Skills:
 + Level 10.4 Fighting
 + Level 9.2 Maces & Flails
 + Level 10.4 Armour
 + Level 10.4 Shields


You had 10 spell levels left.
You didn't know any spells.
Your spell library contained the following spells:

 Spells                   Type           Power      Damage    Failure   Level
 Apportation              Tloc           0%         N/A       34%         1
 Freeze                   Ice            0%         1d3       34%         1
 Necrotise                Necr           0%         1d4       34%         1
 Slow                     Hex            0%         N/A       34%         1
 Confusing Touch          Hex            0%         N/A       71%         3
 Frozen Ramparts          Ice            0%         1d1       71%         3
 Hailstorm                Conj/Ice       0%         3d3       71%         3
 Vampiric Draining        Necr           0%         2d6       71%         3
 Volatile Blastmotes      Fire/Tloc      0%         2d10      71%         3
 Fulminant Prism          Conj/Hex       0%         3d5       97%         4
 Iskenderun's Mystic Bla  Conj/Tloc      0%         2d3       97%         4
 Borgnjor's Vile Clutch   Necr/Erth      0%         N/A       100%        5
 Orb of Destruction       Conj           0%         9d5       100%        7
 Summon Small Mammal      Summ           Unusable   N/A       N/A         1
 Summon Guardian Golem    Hex/Summ       Unusable   N/A       N/A         3
 Animate Dead             Necr           Unusable   N/A       N/A         4
 Death Channel            Necr           Unusable   N/A       N/A         6
 Spellforged Servitor     Conj/Summ      Unusable   N/A       N/A         7

Dungeon Overview and Level Annotations

Branches:
Dungeon (10/15)            Temple (1/1) D:7            Lair (1/5) D:10
    Orc (0/2) D:9           Sewer (visited)         Ossuary (visited)

Altars:
Ashenzari
Cheibriados
Dithmenos
Elyvilon
Fedhas
Gozag
Hepliaklqana
Kikubaaqudgha
Makhleb
Nemelex Xobeh
Okawaru
Qazlal
Ru
Sif Muna
Trog
Uskayaw
Vehumet
Wu Jian
Xom
Yredelemnul
Zin
The Shining One

Shops:
D:2 ?

Annotations:
D:4 3 runed translucent doors, LustLizard's ghost, amateur OpSh; mdonais's ghost, amateur OpSh


Innate Abilities, Weirdness & Mutations

You are immune to sickness and miasma.
Your stone body is resilient. (AC +8)
You are immune to poison.
You resist negative energy. (rN+)
You are resistant to electric shocks. (rElec)
You are resistant to unholy torment.
You are immune to petrification.


Message History

You see here a +0 rapier.
The wolf barely misses you. The wolf bites you.
The wolf attacks as you move away! You block the wolf's attack.
The wolf bites you but does no damage. The wolf bites you.
The wolf barely misses you. The wolf bites you but does no damage.
You gain the combat prowess of a mighty hero.
The wolf closely misses you. You block the wolf's attack.
You sock the wolf! You freeze the wolf.
The wolf is almost dead.
You block the wolf's attack.
You thump the wolf! You freeze the wolf.
You kill the wolf!
Okawaru accepts your kill. The wolf bites you. The death yak gores you!
The wolf bites you but does no damage.
You see here a wolf corpse.
You hit the death yak but do no damage. The wolf bites you but does no damage.
The death yak gores you. The death yak attacks as you move away!
The death yak barely misses you.
You sock the death yak! You freeze the death yak.
The death yak is lightly wounded.
You sock the death yak! You freeze the death yak.
The death yak is moderately wounded.
The death yak gores you!!
* * * LOW HITPOINT WARNING * * *
You bludgeon the death yak!! You freeze the death yak.
The death yak is severely wounded.
The death yak gores you!
* * * LOW HITPOINT WARNING * * *
You hit the death yak. You freeze the death yak.
The death yak is severely wounded.
The death yak gores you but does no damage.
You hit the death yak. You freeze the death yak.
The death yak is almost dead.
You feel like a meek peon again.
You hit the death yak. You freeze the death yak.
The death yak is almost dead.
The death yak gores you!
You die...

#..#.# #...##..##
#..#.###.####..# ##
#..#..........####.
#............###...
#####..#.......####....
#......#....#### #..###
##.###..#.#### ##..##.
##...###.#...### #...#..
##.....##@#.....## #...#..
#....P..#Y#......###......
##..P....#h#.###..##....###
#..........#[###...#....#
##....†.....#.)##...#....###
#.....>)....#../[...........
#......†....################
#...............#...........
#.#.P.....#..>..#..##'####..


You could see a death yak and a wolf.

Vanquished Creatures
  Harold (D:9)
  A boulder beetle (D:10)
  Pikel (D:7)
  An elephant (D:10)
  A troll (D:10)
  A troll (shapeshifter) (D:10)
  A shadow (D:9)
  10 yaks
  5 wyverns
  A basilisk (D:10)
  A wraith (D:10)
  A steam dragon (D:10)
  Menkaure (D:7)
  An acid dragon (D:10)
  2 water moccasins
  2 orc warriors
  An ice beast (D:5)
  A black bear (D:10)
  2 ogres
  2 centaurs
  4 wolves (D:10)
  7 bullfrogs
  7 scorpions
  A gnoll sergeant (D:10)
  10 wights (D:9)
  11 killer bees
  6 howler monkeys
  3 centaur zombies (Ossuary)
  4 hounds
  2 human zombies (Ossuary)
  A jelly (D:6)
  3 orc priests
  Crazy Yiuf (D:3)
  2 iguanas
  10 orc wizards
  2 sleepcaps
  Natasha (D:4)
  Terence (D:2)
  2 mummies (Ossuary)
  Robin (D:3)
  4 gnolls (D:10)
  7 adders
  2 shadow imps (D:6)
  A white imp (D:5)
  2 ufetubi
  An adder zombie (Ossuary)
  3 worms
  2 dart slugs (D:3)
  42 orcs
  14 ball pythons
  5 bats
  7 endoplasms
  16 giant cockroaches
  12 goblins
  14 hobgoblins
  9 jackals
  13 quokkas
  11 frilled lizards
  A goblin zombie (Ossuary)
  5 hobgoblin zombies (Ossuary)
  9 kobolds
  11 kobold zombies (Ossuary)
  11 orc zombies (Ossuary)
  5 rats
  3 rat zombies (Ossuary)
326 creatures vanquished.

Vanquished Creatures (others)
  An orc wizard (D:8)
1 creature vanquished.

Grand Total: 327 creatures vanquished

Notes
Turn   | Place    | Note
-------+----------+-------------------------------------------
     0 | D:1      | Dittersdorf the Gargoyle Fighter began the quest for the
                  | Orb.
     0 | D:1      | Reached XP level 1. HP: 14/14 MP: 1/1
    58 | D:1      | Reached XP level 2. HP: 11/19 MP: 2/2
   257 | D:1      | Reached XP level 3. HP: 20/23 MP: 3/3
  1047 | D:2      | Found Quthiwn's Magic Scroll Emporium.
  1048 | D:2      | Noticed Terence
  1058 | D:2      | Killed Terence
  1059 | D:2      | Reached XP level 4. HP: 6/29 MP: 4/4
  1947 | D:3      | Reached XP level 5. HP: 13/33 MP: 5/5
  2501 | D:3      | Found a runed translucent door.
  2502 | D:3      | Noticed Crazy Yiuf
  2519 | D:3      | Noticed Robin
  2526 | D:3      | Killed Robin
  2527 | D:3      | Reached XP level 6. HP: 39/39 MP: 6/6
  2671 | D:3      | Noticed an orc warrior
  2693 | D:3      | Killed an orc warrior
  3018 | D:3      | Killed Crazy Yiuf
  3019 | D:3      | Reached skill level 5 in Shields
  3069 | D:4      | Reached skill level 5 in Fighting
  3069 | D:4      | Reached skill level 5 in Armour
  3088 | D:4      | Reached XP level 7. HP: 44/44 MP: 7/7
  3129 | D:4      | Found a glowing drain.
  3148 | Sewer    | Entered a sewer
  3850 | D:4      | Found a runed translucent gate.
  3851 | D:4      | Found a runed translucent gate.
  3852 | D:4      | Found a runed translucent gate.
  3853 | D:4      | Noticed mdonais's ghost (amateur OpSh)
  3853 | D:4      | Noticed LustLizard's ghost (amateur OpSh)
  4147 | D:4      | Noticed Natasha
  4153 | D:4      | Killed Natasha
  4154 | D:4      | Reached XP level 8. HP: 51/51 MP: 8/8
  4386 | D:5      | Entered Level 5 of the Dungeon
  4476 | D:5      | Identified the +0 ring mail of the Other World {Rampage}
  4587 | D:5      | Reached skill level 5 in Maces & Flails
  4604 | D:5      | Found a sand-covered staircase.
  4610 | Ossuary  | Entered an ossuary
  5787 | D:6      | Reached XP level 9. HP: 54/56 MP: 9/9
  6768 | D:7      | Noticed Menkaure
  6774 | D:7      | Killed Menkaure
  6823 | D:7      | Found a staircase to the Ecumenical Temple.
  6830 | Temple   | Entered the Ecumenical Temple
  6878 | Temple   | Became a worshipper of Warmaster Okawaru
  7230 | D:7      | Noticed Pikel
  7237 | D:7      | Killed Pikel
  7484 | D:8      | Reached * piety under Okawaru
  8186 | D:9      | Reached XP level 10. HP: 63/64 MP: 10/10
  8284 | D:9      | Reached ** piety under Okawaru
  8543 | D:9      | Found a hazy altar of Hepliaklqana.
  8546 | D:9      | Found a stormy altar of Qazlal.
  8549 | D:9      | Found a white marble altar of Elyvilon.
  8552 | D:9      | Found a hide-covered altar of Uskayaw.
  9099 | D:9      | Noticed Harold
  9122 | D:9      | Killed Harold
  9122 | D:9      | Reached *** piety under Okawaru
  9380 | D:9      | Found an opulent altar of Gozag.
  9659 | D:9      | Found a staircase to the Orcish Mines.
  9904 | D:10     | Entered Level 10 of the Dungeon
  9956 | D:10     | Noticed an elephant
  9957 | D:10     | Found a staircase to the Lair.
  9963 | D:10     | Reached **** piety under Okawaru
  9982 | D:10     | Killed an elephant
  9983 | D:10     | Reached XP level 11. HP: 63/72 MP: 11/11
 10064 | D:10     | Reached ***** piety under Okawaru
 10081 | D:10     | Reached skill level 10 in Shields
 10084 | D:10     | Reached skill level 10 in Fighting
 10164 | D:10     | Reached skill level 10 in Armour
 10646 | D:10     | Noticed a boulder beetle
 10666 | D:10     | Killed a boulder beetle
 11100 | Lair:1   | Entered Level 1 of the Lair of Beasts
 11168 | Lair:1   | Noticed a death yak
 11169 | Lair:1   | Noticed a death yak
 11259 | D:10     | HP: 2/73 [death yak (15)]
 11262 | D:10     | Mangled by a death yak

Illustrated notes

Levels and vault maps discovered:
D:1:      dpeg_arrival_stone_temple_mockup, layout_basic
D:2:      layout_basic, serial_shops, shop, minmay_split_cup_small, uniq_terence
D:3:      layout_basic, roderic_cross_of_infinity, minmay_misc_feat_encased,
          uniq_robin, uniq_crazy_yiuf_cottage
D:4:      layout_loops_ring, gup_sewer_entry_pipe, gammafunk_ghost_cemetery,
          uniq_natasha
D:5:      wander_river, layout_loops_ring, nicolae_ossuary_entry_plus
D:6:      layout_layer_cave, serial_glass, glass_columns_a, glass_columns_a,
          glass_columns_b, glass_columns_a, glass_columns_c, glass_columns_b
D:7:      layout_basic, minmay_temple_entry_statues_fountains,
          grunt_decor_one_mirror, minmay_strange_pillars, uniq_pikel,
          uniq_menkaure
D:8:      layout_rooms
D:9:      layout_stronghold, mainiacjoe_overflow_catwalk,
          grunt_temple_overflow_cloverleaf, david_orc_2, uniq_harold
D:10:     minmay_recursive_quarters, layout_gridville, david_lair_generic,
          minmay_microvault
Temple:   minmay_crystal_spiral_temple
Lair:1:   layout_regular_city, lemuel_fruit_tree

Skill      XL: |  1  2  3  4  5  6  7  8  9 10 11 |
---------------+----------------------------------+-----
Shields        | 4 5 6 8 9 10 | 10.4
Armour         | 4 5 6 8 9 10 | 10.4
Fighting       | 4 5 6 8 9 10 | 10.4
Maces & Flails | 3 4 5 7 8 9 |  9.2

Action                     |  1- 3 |  4- 6 |  7- 9 | 10-12 || total
---------------------------+-------+-------+-------+-------++-------
  Melee: Flail             |   126 |   220 |   417 |   371 ||  1134
         Morningstar       |       |       |   143 |       ||   143
 Invoke: Heroism           |       |       |       |     2 ||     2
    Use: Scroll            |       |     5 |    15 |     1 ||    21
 Armour: Scale mail        |    88 |   140 |       |    79 ||   307
         Chain mail        |       |     9 |   334 |       ||   343
         Plate armour      |       |       |    12 |   222 ||   234
  Dodge: Dodged            |    75 |    97 |   238 |   166 ||   576
  Block: Buckler           |    40 |    50 |   125 |   151 ||   366

Table legend: (Time is in decaauts)
 A = Elapsed time spent in this place.
 B = Non-inter-level travel time spent in this place.
 C = Inter-level travel time spent in this place.
 D = Time resting spent in this place.
 E = Time spent auto-exploring this place.
 F = Levels seen in this place.
 G = Mean time per level.
                   A        B        C        D        E       F      G
               +--------+--------+--------+--------+--------+-----+--------+
         Total |  11573 |  11091 |    482 |   1525 |   6802 |  14 |  826.6 |
       Dungeon |  10296 |   9933 |    363 |   1481 |   6178 |  10 | 1029.6 |
        Temple |    121 |      3 |    118 |      0 |      0 |   1 |  121.0 |
          Lair |     96 |     96 |      0 |      0 |     53 |   1 |   96.0 |
         Sewer |    653 |    653 |      0 |     44 |    377 |   1 |  653.0 |
       Ossuary |    405 |    405 |      0 |      0 |    194 |   1 |  405.0 |
               +--------+--------+--------+--------+--------+-----+--------+

Top non-repeatable levels by time:
     D:9: 1804 daAuts
    D:10: 1229 daAuts
     D:3: 1224 daAuts
     D:6: 1178 daAuts
     D:2: 1046 daAuts
     D:1: 888 daAuts
     D:4: 825 daAuts
     D:5: 727 daAuts
     D:7: 710 daAuts
     D:8: 661 daAuts
   Sewer: 653 daAuts
 Ossuary: 405 daAuts
  Temple: 121 daAuts
  Lair:1: 96 daAuts
